 Dungeon Crawl Stone Soup version 0.29.1-15-g9cfb28693d (webtiles) character file.

Game seed: 6387671542360316679

443 promet the Magician (level 6, 0/32 HPs)
             Began as a Deep Elf Air Elementalist on Mar 24, 2023.
             Was an Initiate of Ru.
             Killed by their own static electricity (2 damage)
             ... on level 4 of the Dungeon.
             The game lasted 00:20:15 (5787 turns).

promet the Magician (Deep Elf Air Elementalist)     Turns: 5787, Time: 00:20:16

Health: 0/32       AC:  4    Str:  7      XL:     6   Next: 71%
Magic:  11/16      EV: 11    Int: 19 (20) God:    Ru [......]
Gold:   165        SH:  0    Dex: 12 (15) Spells: 13/16 levels left

rFire   . . .      SeeInvis .   a - +0 glaive
rCold   . . .      Faith    .   (shield currently unavailable)
rNeg    . . .      Spirit   .   n - +0 leather armour
rPois   .          Reflect  .   (no helmet)
rElec   .          Harm     .   (no cloak)
rCorr   .          Rampage  .   (no gloves)
Will    .....                   u - +0 pair of boots
Stlth   ++........              s - amulet of the acrobat
HPRegen 0.10/turn               (no ring)
MPRegen 0.15/turn               (no ring)

@: no status effects
A: no striking features
a: Renounce Religion, Sacrifice Purity, Sacrifice Experience, Sacrifice Essence,
Reject Sacrifices


You were on level 4 of the Dungeon.
You worshipped Ru.
Ru was noncommittal.
You visited 1 branch of the dungeon, and saw 4 of its levels.

You collected 165 gold pieces.

Inventory:

Hand Weapons
 a - a +0 glaive (weapon)
 b - a +0 sling
 c - a +0 spear
 j - a +0 short sword
 p - a +0 vorpal flail
Missiles
 e - 3 atropa-tipped darts
 g - 75 stones
 k - 5 boomerangs (quivered)
 y - 2 poisoned darts
Armour
 l - an orb of energy
 n - a +0 leather armour (worn)
 u - a +0 pair of boots (worn)
Magical Staves
 q - a staff of poison
Jewellery
 i - a +4 ring of protection
 s - an amulet of the acrobat (around neck)
 x - a ring of protection from fire
Wands
 h - a wand of light (2)
 v - a wand of paralysis (8)
Scrolls
 w - a scroll of brand weapon {unknown}
Potions
 d - a potion of magic
 f - a potion of might {unknown}
 m - a potion of heal wounds {unknown}
 o - a potion of mutation {unknown}
 r - a potion of attraction {unknown}
 t - 2 potions of ambrosia {unknown}


   Skills:
 + Level 0.2 Fighting
 * Level 1.7 Polearms
 + Level 0.5 Ranged Weapons
 + Level 1.0 Armour
 + Level 2.7 Dodging
 + Level 3.2 Stealth
 + Level 5.6 Spellcasting
 + Level 3.3 Conjurations
 + Level 4.4 Air Magic


You had 13 spell levels left.
You knew the following spells:

 Your Spells              Type           Power      Damage    Failure   Level
a - Shock                 Conj/Air       80%        1d8       3%          1
b - Static Discharge      Conj/Air       20%        3-6/arc   5%          2

Your spell library contained the following spells:

 Spells                   Type           Power      Damage    Failure   Level
 Swiftness                Air            22%        N/A       9%          3
 Airstrike                Air            11%        2d(2-18)  26%         4
 Ozocubu's Armour         Ice            5%         N/A       45%         3
 Metabolic Englaciation   Hex/Ice        2%         N/A       99%         5
 Simulacrum               Ice/Necr       2%         N/A       100%        6


Dungeon Overview and Level Annotations

Branches:
Dungeon (4/15)             Temple (0/1) D:4

Altars:
Cheibriados
Gozag
Qazlal
Ru
Uskayaw
Yredelemnul

Annotations:
D:4 4 runed translucent doors


Message History

You barely miss the worm.
The worm is severely wounded.
The worm barely misses you.
Casting: Static Discharge (safe; 5% risk of failure)
Confirm with . or Enter, or press ? or * to list all spells.
Aiming: Shock (safe; 3% risk of failure)
Press: ? - help, Shift-Dir - straight line The zap hits the worm.
The worm is severely wounded.
The zap hits the worm.
You kill the worm!
You hear a shout!
You start resting.
A centaur comes into view.
The centaur wields a +0 shortbow.
The centaur shoots an arrow.
The arrow hits you!
The centaur shoots an arrow.
The arrow completely misses you.
The centaur shoots an arrow.
The arrow hits you!
* * * LOW HITPOINT WARNING * * *
The centaur unwields a +0 shortbow.
The centaur misses you. The centaur barely misses you.
Casting: Shock (safe; 3% risk of failure)
Confirm with . or Enter, or press ? or * to list all spells.
The centaur is struck by an arc of lightning.
The centaur is moderately wounded.
You are struck by an arc of lightning.
* * * LOW HITPOINT WARNING * * *
The centaur is struck by an arc of lightning!
The centaur is severely wounded.
The lightning grounds out.
The centaur closely misses you. The centaur kicks you.
* * * LOW HITPOINT WARNING * * *
The centaur hits you but does no damage.
The centaur kicks you but does no damage.
Casting: Static Discharge (safe; 5% risk of failure)
Confirm with . or Enter, or press ? or * to list all spells.
The centaur is struck by an arc of lightning!
You kill the centaur!
You are struck by an arc of lightning.
You die...

......#8....8#.#
....#.##8=[8##.####
.......######.....#
...###'# #'###..#
#.##...### #.#)##.#
..#.#.##.# ##.#†# #
#.#.##.#.# ###.#
..#.#.##.# #.#
..#.###..# #@#
..##....## #...)##
...###### #####
......... ....#..##
......## ....###
........ ....##.#


There were no monsters in sight!

Vanquished Creatures
  A centaur (D:4)
  A phantom (D:4)
  A jelly (D:3)
  Ijyb (D:3)
  Terence (D:3)
  2 gnolls (D:4)
  A worm (D:4)
  4 dart slugs
  6 bats
  5 endoplasms
  3 giant cockroaches
  5 goblins
  12 hobgoblins
  2 jackals (D:1)
  4 quokkas
  7 ball pythons
  3 frilled lizards
  10 kobolds
  6 rats
75 creatures vanquished.

Vanquished Creatures (collateral kills)
  Grinder (D:3)
  A goblin (D:3)
  A rat (D:3)
3 creatures vanquished.

Grand Total: 78 creatures vanquished

Notes
Turn   | Place    | Note
-------+----------+-------------------------------------------
     0 | D:1      | promet the Deep Elf Air Elementalist began the quest for
                  | the Orb.
     0 | D:1      | Reached XP level 1. HP: 10/10 MP: 6/6
   370 | D:1      | Reached XP level 2. HP: 15/15 MP: 5/8
   497 | D:1      | Learned a level 2 spell: Static Discharge
  1161 | D:1      | Found a faded altar of an unknown god.
  1416 | D:2      | Reached XP level 3. HP: 19/19 MP: 6/9
  2953 | D:3      | Reached skill level 4 in Spellcasting
  2953 | D:3      | Reached XP level 4. HP: 20/24 MP: 8/12
  3159 | D:3      | Noticed Grinder
  3169 | D:3      | Killed Grinder
  3170 | D:3      | Reached skill level 1 in Polearms
  3170 | D:3      | Reached skill level 5 in Spellcasting
  3170 | D:3      | Reached XP level 5. HP: 28/28 MP: 12/14
  3275 | D:3      | Noticed Terence
  3284 | D:3      | Killed Terence
  3285 | D:3      | Reached XP level 6. HP: 15/32 MP: 12/15
  3469 | D:3      | Found a sacrificial altar of Ru.
  3469 | D:3      | Found a basalt altar of Yredelemnul.
  3472 | D:3      | Noticed Ijyb
  3479 | D:3      | Killed Ijyb
  3776 | D:3      | Became a worshipper of Ru the Awakened
  4910 | D:4      | Found a stormy altar of Qazlal.
  5120 | D:4      | Found an opulent altar of Gozag.
  5164 | D:4      | Found a staircase to the Ecumenical Temple.
  5187 | D:4      | Found a snail-covered altar of Cheibriados.
  5202 | D:4      | Found a hide-covered altar of Uskayaw.
  5217 | D:4      | Reached skill level 1 in Armour
  5637 | D:4      | Found a large runed translucent door.
  5639 | D:4      | Found a large runed translucent door.
  5724 | D:4      | Found a large runed translucent door.
  5724 | D:4      | Found a large runed translucent door.
  5787 | D:4      | Killed from afar by themself

Illustrated notes

Levels and vault maps discovered:
D:1:      wheals_arrival_shading, layout_basic,
          hellmonk_ecumenical_altar_slurped_away
D:2:      layout_loops_corners
D:3:      layout_loops_ring, chequers_temple_overflow_statue_of_worship,
          minmay_surrounded, uniq_grinder, uniq_terence, uniq_ijyb
D:4:      layout_rooms, grunt_gozag_breadcrumbs,
          nicolae_uskayaw_murder_on_the_dancefloor, grunt_qazlal_sundering,
          cheibriados_altar_1, minmay_temple_entry_proselytizer,
          grunt_ministairs_10, minmay_hollow_rounded_squares

Skill      XL: |  1  2  3  4  5  6 |
---------------+-------------------+-----
Conjurations   | 2 3 |  3.3
Spellcasting   | 4 5 |  5.6
Polearms       | 1 |  1.7
Stealth        | 3 |  3.2
Air Magic      | 4 |  4.4
Armour         | 1 |  1.0
Fighting       | |  0.2
Ranged Weapons | |  0.5
Dodging        | |  2.7

Action                   |  1- 3 |  4- 6 || total
-------------------------+-------+-------++-------
Melee: Dagger            |     5 |       ||     5
       Short sword       |     8 |       ||     8
       Glaive            |     4 |    23 ||    27
 Fire: Sling             |     3 |       ||     3
 Cast: Shock             |    65 |    65 ||   130
       Static Discharge  |     4 |     9 ||    13
  Use: Scroll            |     1 |     6 ||     7
       Potion            |       |     2 ||     2
 Stab: Sleeping          |     3 |     2 ||     5
Armor: Robe              |     2 |       ||     2
       Leather armour    |     4 |    14 ||    18
Dodge: Dodged            |    18 |    32 ||    50
